 Dungeon Crawl Stone Soup version 0.28.0-49-g6dfe1f597d (webtiles) character file.

Game seed: 10952319490680769334

107 klau3 the Chopper (level 4, -3/41 HPs)
             Began as a Minotaur Berserker on May 12, 2022.
             Was a Follower of Trog.
             Killed by divine providence
             ... invoked by an orc priest
              (9 damage)
             ... on level 3 of the Dungeon.
             The game lasted 00:10:39 (3288 turns).

klau3 the Chopper (Minotaur Berserker)              Turns: 3288, Time: 00:10:40

Health: -3/41      AC:  3    Str: 22    XL:     4   Next: 56%
Magic:  3/3        EV: 12    Int:  4    God:    Trog [*.....]
Gold:   101        SH:  0    Dex: 11    Spells: 3/3 levels left

rFire   . . .      SeeInvis .   a - +0 hand axe
rCold   . . .      Faith    .   (no shield)
rNeg    . . .      Spirit   .   b - +0 animal skin
rPois   .          Reflect  .   (helmet restricted)
rElec   .          Harm     .   (no cloak)
rCorr   .          Rampage  .   (no gloves)
Will    .....                   f - +0 pair of boots
Stlth   +.........              (no amulet)
HPRegen 0.13/turn               (no ring)
MPRegen 0.08/turn               (no ring)

@: on berserk cooldown, slowed, very slow
A: horns 2, retaliatory headbutt
a: Renounce Religion, Berserk


You were on level 3 of the Dungeon.
You worshipped Trog.
Trog was aware of your devotion.
You visited 1 branch of the dungeon, and saw 3 of its levels.

You collected 101 gold pieces.

Inventory:

Hand Weapons
 a - a +0 hand axe (weapon)
 g - a +3 short sword
Armour
 b - a +0 animal skin (worn)
 f - a +0 pair of boots (worn)
Scrolls
 h - a scroll of fear {unknown}
 i - a scroll of identify {unknown}
 j - a scroll of holy word {unknown}
Potions
 c - a potion of lignification {unknown}
 d - a potion of cancellation {unknown}
 e - 2 potions of heal wounds {unknown}
 k - a potion of brilliance {unknown}


   Skills:
 + Level 4.3 Fighting
 + Level 5.1 Axes
 + Level 2.8 Armour
 + Level 3.2 Dodging
 + Level 0.1 Stealth


You had 3 spell levels left.
You didn't know any spells.
Your spell library contained the following spells:

 Spells                   Type           Power      Damage    Failure   Level
 Iskenderun's Battlesphe  Conj           0%         2d6       100%        5
 Iron Shot                Conj/Erth      0%         9d1       100%        6
 Spellforged Servitor     Conj/Summ      0%         N/A       100%        7


Dungeon Overview and Level Annotations

Branches:
Dungeon (3/15)

Altars:


Innate Abilities, Weirdness & Mutations

You have a pair of horns on your head.
You reflexively headbutt those who attack you in melee.


Message History

Found a dark potion.
You start resting.
You recover from your berserk rage.
k - a dark potion
Found 11 gold pieces.
Found a faded altar of an unknown god.
Found a Fen Folio.
You now have 101 gold pieces (gained 11).
An orc priest and an orc come into view.
An orc wizard comes into view. It is wielding a +0 dagger.
The orc shouts!
The orc wizard shouts!
An orc comes into view. It is wielding a +0 club.
A kobold comes into view. It is wielding a +0 dagger.
The orc priest calls down the wrath of Beogh upon you.
Beogh smites you!
Found an escape hatch in the ceiling.
An orc priest comes into view. It is wielding a +0 dagger.
The kobold shouts!
The orc wizard gestures at you while chanting.
The magic dart hits you.
The orc priest calls down the wrath of Beogh upon you.
Pain shoots through your body!
The orc wizard points at you and mumbles some strange words.
The puff of flame hits you.
* * * LOW HITPOINT WARNING * * *
A red film seems to cover your vision as you go berserk!
You feel yourself moving faster!
You feel mighty!
The orc wizard casts a spell.
The orc wizard flickers and vanishes!
Deactivating autopickup; reactivate with Ctrl-A.
You feel a strong urge to attack something.
You feel your anger nearly subside.
You are no longer berserk.
You are exhausted.
You feel yourself slow down.
The orc priest mumbles some strange prayers to Beogh against you.
Pain shoots through your body!
* * * LOW HITPOINT WARNING * * *
The orc priest invokes the aid of Beogh against you.
Beogh smites you!
You die...

#.##.# ...
.#####....###..
..........##..
..........##.#
.....:....##.#
..........⌠..#
......oK.o...#
<........o_..##
.o......o...@.#
..........⌠.⌠.####
.###.^...........#
#.............#.##
#.............#..# #.#
#.............##.######.#
....................##.#
....................##.##
.........................


You could see 2 orc priests, 2 orcs and a kobold.

Vanquished Creatures
  A hound (D:3)
  3 adders
  A dart slug (D:2)
  An orc (D:3)
  5 bats
  6 endoplasms
  4 giant cockroaches
  A goblin (D:3)
  4 hobgoblins (D:1)
  6 kobolds
  3 quokkas
  4 ball pythons
  2 frilled lizards
  3 rats
44 creatures vanquished.

Notes
Turn   | Place    | Note
-------+----------+-------------------------------------------
     0 | D:1      | klau3 the Minotaur Berserker began the quest for the Orb.
     0 | D:1      | Reached XP level 1. HP: 19/19 MP: 0/0
   497 | D:1      | Reached XP level 2. HP: 26/27 MP: 1/1
   642 | D:1      | Reached skill level 4 in Axes
  1224 | D:2      | Reached XP level 3. HP: 25/33 MP: 2/2
  3202 | D:3      | Reached skill level 5 in Axes
  3202 | D:3      | Reached XP level 4. HP: 29/40 MP: 3/3
  3266 | D:3      | Found a faded altar of an unknown god.
  3288 | D:3      | Killed from afar by an orc priest

Illustrated notes

Levels and vault maps discovered:
D:1:      matt_arrival_refuge, layout_basic
D:2:      layout_basic, chequers_arboretum
D:3:      layout_basic, serial_shops, shop, hellmonk_ecumenical_altar_run_dry

Skill      XL: |  1  2  3 |
---------------+----------+-----
Axes           | 4 5 |  5.1
Fighting       | 4 |  4.3
Dodging        | 3 |  3.2
Armour         | |  2.8
Stealth        | |  0.1

Action                   |  1- 3 |  4- 6 || total
-------------------------+-------+-------++-------
Melee: Hand axe          |    80 |     7 ||    87
       Headbutt          |     9 |       ||     9
Invok: Berserk           |     8 |     2 ||    10
Armor: Animal skin       |    27 |     2 ||    29
Dodge: Dodged            |    56 |     7 ||    63
